 Dungeon Crawl Stone Soup version 0.32-a0-128-g77eb882 (webtiles) character file.

Game seed: 12021821350441454595

1270 danspanner the Covered (level 8, -1/50 HPs)
             Began as a Tengu Fighter on Feb 7, 2024.
             Was an Initiate of Okawaru.
             Slain by a two-headed ogre
             ... wielding a +0 giant club
              (9 damage)
             ... on level 6 of the Dungeon.
             The game lasted 00:16:42 (4010 turns).

danspanner the Covered (Tengu Fighter)              Turns: 4010, Time: 00:16:42

Health: -1/50      AC: 12    Str: 19    XL:     8   Next: 53%
Magic:  9/9        EV:  9    Int:  8    God:    Okawaru [......]
Gold:   361        SH:  6    Dex: 20    Spells: 7/7 levels left

rFire   + . .        p - +5 mace of Hepliaklqana's Favour {pain, rF+ Stlth+}
rCold   . . .        c - +0 buckler
rNeg    . . .        l - +0 plate armour
rPois   .            (helmet restricted)
rElec   .            (no cloak)
rCorr   .            (no gloves)
SInv    .            (boots unavailable)
Will    .....        (no amulet) Stlth
                     u - +6 ring of dexterity
HPRegen 0.28/turn    (no ring)
MPRegen 0.11/turn

%: acrobat
@: flying
A: beak, talons 3, evasive flight, acrobatic
a: Renounce Religion


You were on level 6 of the Dungeon.
You worshipped Okawaru.
Okawaru was noncommittal.
You visited 2 branches of the dungeon, and saw 7 of its levels.

You collected 361 gold pieces.

Inventory:

Hand Weapons
 a - a +0 trident
 p - the +5 mace of Hepliaklqana's Favour (weapon) {pain, rF+ Stlth+}
   (You found it on level 4 of the Dungeon)

   rF+:       It protects you from fire.
   Stlth+:    It makes you more stealthy.
Armour
 c - a +0 buckler (worn)
 h - a +3 scale mail
 l - a +0 plate armour (worn)
Jewellery
 u - a +6 ring of dexterity (left hand)
Wands
 f - a wand of flame (27)
Scrolls
 i - 2 scrolls of revelation
 q - a scroll of fog
 s - a scroll of teleportation
 t - 2 scrolls of poison
Potions
 b - a potion of heal wounds
 d - a potion of might
 e - a potion of curing {unknown}
 g - a potion of ambrosia
 j - a potion of cancellation
 k - a potion of enlightenment {unknown}
 m - 3 potions of invisibility {unknown}
 n - 2 potions of lignification {unknown}
 o - 4 potions of brilliance {unknown}
 r - 2 potions of mutation {unknown}
 v - a potion of attraction {unknown}


   Skills:
 + Level 5.4 Fighting
 + Level 4.0 Maces & Flails
 + Level 5.4 Polearms
 + Level 6.0 Armour
 + Level 5.4 Shields


You had 7 spell levels left.
You didn't know any spells.
Your spell library contained the following spells:

 Spells                   Type           Power      Damage    Failure   Level
 Freeze                   Ice            0%         1d3       100%        1
 Slow                     Hex            0%         N/A       100%        1
 Sublimation of Blood     Necr           0%         N/A       100%        2
 Confusing Touch          Hex            0%         N/A       100%        3
 Dazzling Flash           Conj/Hex       0%         N/A       100%        3
 Frozen Ramparts          Ice            0%         1d1       100%        3
 Hailstorm                Conj/Ice       0%         3d5       100%        3
 Mephitic Cloud           Conj/Alch/Air  0%         N/A       100%        3
 Sigil of Binding         Hex            0%         N/A       100%        3
 Vampiric Draining        Necr           0%         2d6       100%        3
 Vhi's Electric Charge    Tloc/Air       0%         N/A       100%        4
 Arcjolt                  Conj/Air       0%         1d10      100%        5
 Curse of Agony           Necr           0%         N/A       100%        5
 Silence                  Hex/Air        0%         N/A       100%        5
 Maxwell's Capacitive Co  Air            0%         ∞         100%        8
 Call Imp                 Summ           Unusable   N/A       N/A         2
 Summon Ice Beast         Ice/Summ       Unusable   N/A       N/A         3
 Summon Mana Viper        Hex/Summ       Unusable   N/A       N/A         5
 Monstrous Menagerie      Summ           Unusable   N/A       N/A         7
 Summon Hydra             Summ           Unusable   N/A       N/A         7

Dungeon Overview and Level Annotations

Branches:
Dungeon (6/15)             Temple (1/1) D:5

Altars:
Ashenzari
Cheibriados
Dithmenos
Fedhas
Hepliaklqana
Kikubaaqudgha
Nemelex Xobeh
Okawaru
Qazlal
Ru
Sif Muna
Trog
Uskayaw
Vehumet
Wu Jian
Yredelemnul
Zin
The Shining One

Shops:
D:2 [   D:3 :   D:4 *

Annotations:
D:5 3 runed translucent doors, Dega's ghost, novice VSFi; kasel's ghost, novice FoFi; roomforsquares's ghost, novice TrFi


Innate Abilities, Weirdness & Mutations

You have a beak for a mouth.
You have claws for feet.
Your magical flight helps you evade attacks. (EV +4)
You can magically evade attacks while moving or waiting.


Message History

There is a staircase back to the Dungeon here.
Done exploring.
Unknown command.
Okay, then.
Unknown command.
There is a glowing golden altar of the Shining One here.
There is an iron altar of Okawaru here.
You hover solemnly before the altar of Okawaru.
Okawaru welcomes you!
What level of the Dungeon? (default 5, ? - help)
There is a staircase back to the Dungeon here.
You fly upwards.
Welcome back to the Dungeon!
Level annotation: 3 runed translucent doors, Dega's ghost, novice VSFi; kasel's ghost, novice FoFi; roomforsquares's ghost, novice TrFi
There is a staircase to the Ecumenical Temple here.
What level of the Dungeon? (default 5, ? - help)
There is a stone staircase leading down here.
You fly downwards.
The ufetubus closely misses you.
The ufetubus hits you but does no damage.
The two-headed ogre completely misses you.
The two-headed ogre hits you with a +0 giant club!
You block the ufetubus's attack. The ufetubus closely misses you.
There is a stone staircase leading up, spattered with blood here.
You hit the two-headed ogre but do no damage.
Your kick misses the two-headed ogre.
You peck the two-headed ogre, but do no damage.
The ufetubus barely misses you. You block the ufetubus's attack.
The two-headed ogre closely misses you. You block the two-headed ogre's attack.
The ufetubus barely misses you. x2
You thump the two-headed ogre! You claw the two-headed ogre.
The two-headed ogre is moderately wounded.
The ufetubus hits you but does no damage.
The ufetubus hits you. x3
The two-headed ogre hits you with a +0 giant club! x2
* * * LOW HITPOINT WARNING * * *
You block the ufetubus's attack. The ufetubus barely misses you.
You block the ufetubus's attack.
The ufetubus hits you but does no damage.
The two-headed ogre hits you but does no damage.
The two-headed ogre hits you with a +0 giant club!
You die...

.........# ####.##.# #..#
#.###5#### ##.......#####..####
#.# ##..................#
#.###5#######......(......#.#.#..
..5........................##....
#.###...............#^......#....
##########............##.#.##
##5.......##.####.#
##@.......)†...#..
##O.....##.##.###. #.....###.##[#
. ###.#[.......###.
#...#.......... #..##.#.#..###.
#..##.#........ #..##.###..###.
#..##.# #..#


You could see a two-headed ogre and an ufetubus.

Vanquished Creatures
  Maggie (D:6)
  Sigmund (D:6)
  2 water moccasins
  An ogre (D:5)
  A scorpion (D:5)
  A jelly (D:5)
  2 bombardier beetles
  A hound (D:5)
  4 iguanas
  An orc wizard (D:5)
  4 gnolls (D:5)
  8 adders
  3 ufetubi (D:6)
  2 ribbon worms
  A dart slug (D:2)
  5 orcs
  3 bats (D:2)
  6 endoplasms
  4 giant cockroaches
  5 goblins
  6 hobgoblins
  4 jackals (D:1)
  5 kobolds
  5 quokkas
  5 ball pythons
  2 frilled lizards
  8 rats
91 creatures vanquished.

Vanquished Creatures (collateral kills)
  A bombardier beetle (D:5)
1 creature vanquished.

Grand Total: 92 creatures vanquished

Notes
Turn   | Place    | Note
-------+----------+-------------------------------------------
     0 | D:1      | danspanner the Tengu Fighter began the quest for the Orb.
     0 | D:1      | Reached XP level 1. HP: 14/14 MP: 2/2
    96 | D:1      | Reached XP level 2. HP: 19/19 MP: 3/3
   364 | D:1      | Reached XP level 3. HP: 19/23 MP: 4/4
   492 | D:1      | Found a faded altar of an unknown god.
   931 | D:2      | Reached XP level 4. HP: 28/28 MP: 5/5
  1060 | D:2      | Found Tugi's Antique Armour Emporium.
  1151 | D:2      | Reached skill level 4 in Armour
  1215 | D:2      | Found a sacrificial altar of Ru.
  1282 | D:3      | Found Boorhamn's Vocational Training.
  1415 | D:3      | Found a radiant altar of Vehumet.
  1722 | D:4      | Reached XP level 5. HP: 33/33 MP: 6/6
  1735 | D:4      | Identified the +5 mace of Hepliaklqana's Favour {pain, rF+
                  | Stlth+}
  1831 | D:4      | Identified the +8 quarterstaff of a ziggurat {drain, rPois
                  | Dex+2}
  1922 | D:4      | Found a basalt altar of Yredelemnul.
  2061 | D:4      | Found Vest's General Store.
  2193 | D:4      | Found a shadowy altar of Dithmenos.
  2244 | D:5      | Entered Level 5 of the Dungeon
  2299 | D:5      | Reached skill level 1 in Maces & Flails
  2304 | D:5      | Reached XP level 6. HP: 35/38 MP: 7/7
  2353 | D:5      | Found a blossoming altar of Fedhas.
  2469 | D:5      | Found a staircase to the Ecumenical Temple.
  2591 | D:5      | Found a runed translucent gate.
  2591 | D:5      | Found a runed translucent gate.
  2593 | D:5      | Found a runed translucent gate.
  2594 | D:5      | Noticed Dega's ghost (novice VSFi)
  2595 | D:5      | Noticed roomforsquares's ghost (novice TrFi)
  2595 | D:5      | Noticed kasel's ghost (novice FoFi)
  2775 | D:5      | Found a bloodstained altar of Trog.
  2779 | D:5      | Found a shimmering blue altar of Sif Muna.
  2852 | D:5      | Gained mutation: Your magical flight helps you evade
                  | attacks. (EV +4) [Tengu growth]
  2852 | D:5      | Reached XP level 7. HP: 30/44 MP: 8/8
  3118 | D:5      | Reached skill level 5 in Armour
  3498 | D:6      | Reached skill level 5 in Shields
  3501 | D:6      | Reached skill level 5 in Fighting
  3532 | D:6      | Noticed Maggie
  3559 | D:6      | HP: 1/44 [Maggie/+2 heavy glaive (20)]
  3563 | D:6      | Killed Maggie
  3564 | D:6      | Reached skill level 5 in Polearms
  3564 | D:6      | Reached XP level 8. HP: 22/49 MP: 9/9
  3713 | D:6      | Noticed Sigmund
  3720 | D:6      | Killed Sigmund
  3721 | D:6      | Reached skill level 6 in Armour
  3767 | D:6      | Noticed a two-headed ogre
  3888 | Temple   | Entered the Ecumenical Temple
  3942 | Temple   | Became a worshipper of Warmaster Okawaru
  4010 | D:6      | Slain by a two-headed ogre

Illustrated notes

Levels and vault maps discovered:
D:1:      co_arrival_square_in_a_square_in_a_square, layout_rooms,
          hellmonk_ecumenical_altar_dog_temple, minmay_misc_feat_pillars,
          serial_park_tiny_2, chequers_serial_rivers_micro_a
D:2:      layout_basic, serial_shops, shop, basic_altar
D:3:      layout_rooms, lemuel_round_altar, grunt_decor_cap,
          nicolae_shop_vocational
D:4:      layout_cave_pools, marbit_many_paths, mainiacjoe_overflow_24_doors,
          serial_shops, shop, minmay_quadrilaterals
D:5:      layout_basic, hellmonk_overflow_destroyed_library, fedhas_altar_1,
          minmay_temple_entry_sparse_star, gammafunk_ghost_cemetery
D:6:      layout_loops_ring, lightli_temple_of_fire, uniq_pikel, uniq_maggie,
          uniq_sigmund
Temple:   minmay_temple_forest_path

Skill      XL: |  1  2  3  4  5  6  7  8 |
---------------+-------------------------+-----
Polearms       | 3 4 5 |  5.4
Armour         | 4 5 6 |  6.0
Shields        | 4 5 |  5.4
Fighting       | 4 5 |  5.4
Maces & Flails | 1 2 3 4 |  4.0

Action                     |  1- 3 |  4- 6 |  7- 9 || total
---------------------------+-------+-------+-------++-------
  Melee: Trident           |    88 |    51 |       ||   139
         Kick              |    12 |    18 |    15 ||    45
         Peck              |    12 |    15 |     9 ||    36
         Mace              |       |    44 |    62 ||   106
  Evoke: Wand              |       |       |     7 ||     7
    Use: Scroll            |     8 |     6 |       ||    14
         Potion            |       |     2 |     1 ||     3
 Armour: Scale mail        |    40 |    41 |       ||    81
         Plate armour      |       |    12 |    51 ||    63
  Dodge: Dodged            |    39 |    34 |    43 ||   116
  Block: Buckler           |    12 |    22 |    15 ||    49

Table legend: (Time is in decaauts)
 A = Elapsed time spent in this place.
 B = Non-inter-level travel time spent in this place.
 C = Inter-level travel time spent in this place.
 D = Time resting spent in this place.
 E = Time spent auto-exploring this place.
 F = Levels seen in this place.
 G = Mean time per level.
                   A        B        C        D        E       F      G
               +--------+--------+--------+--------+--------+-----+--------+
         Total |   4076 |   3833 |    243 |    307 |   2779 |   7 |  582.3 |
       Dungeon |   3967 |   3831 |    136 |    307 |   2779 |   6 |  661.2 |
        Temple |    108 |      1 |    107 |      0 |      0 |   1 |  108.0 |
               +--------+--------+--------+--------+--------+-----+--------+

Top non-repeatable levels by time:
     D:5: 1319 daAuts
     D:2: 729 daAuts
     D:4: 596 daAuts
     D:1: 570 daAuts
     D:3: 377 daAuts
     D:6: 372 daAuts
  Temple: 108 daAuts
